 Dungeon Crawl Stone Soup version 0.23-b1-3-gdda8187 (webtiles) character file.

Game seed: 13234155186980393205

7340 beigtais the Destroyer (level 10, -4/70 HPs)
             Began as a Demonspawn Conjurer on Jan 31, 2019.
             Was an Initiate of Vehumet.
             Shot with an arrow by a centaur warrior (28 damage)
             ... on level 10 of the Dungeon.
             The game lasted 01:38:54 (16084 turns).

beigtais the Destroyer (Demonspawn Conjurer)       Turns: 16084, Time: 01:38:55

Health: -4/70      AC:  4    Str: 13    XL:     10   Next: 91%
Magic:  23/23      EV: 15    Int: 20    God:    Vehumet [......]
Gold:   471        SH:  0    Dex: 14    Spells: 12/27 levels left

rFire    . . .     SeeInvis .   l - +1 dagger (speed)
rCold    . . .     Gourm    +   (no shield)
rNeg     . . .     Faith    .   a - +0 robe
rPois    .         Spirit   .   (no helmet)
rElec    .         Reflect  .   k - scarf {cloud immunity}
rCorr    .         Harm     .   h - +0 pair of gloves
MR       .....                  (no boots)
Stlth    ++........             j - amulet of the gourmand
HPRegen  0.21/turn              (no ring)
MPRegen  0.18/turn              (no ring)

@: mighty
A: claws 2, hooves 1, powered by pain 1, shaggy fur 1, spiny 3, evolution 1
a: Renounce Religion


You were on level 10 of the Dungeon.
You worshipped Vehumet.
Vehumet was noncommittal.
You were completely stuffed.

You visited 2 branches of the dungeon, and saw 11 of its levels.

You collected 471 gold pieces.

Inventory:

Hand Weapons
 l - a +1 dagger of speed (weapon)
 q - a +0 quarterstaff
Missiles
 d - 54 poisoned needles
 e - 253 stones
 m - 9 tomahawks (quivered)
 y - 4 javelins
 z - 8 curare-tipped needles
Armour
 a - a +0 robe (worn)
 h - a +0 pair of gloves (worn)
 i - a +0 helmet
 k - a scarf of cloud immunity (worn)
Magical Staves
 E - an uncursed staff of fire
Jewellery
 j - an amulet of the gourmand (around neck)
 n - an uncursed ring of fire
Wands
 x - a wand of digging (11)
 B - a wand of acid (6)
 C - a wand of enslavement (8)
 D - a wand of disintegration (12)
Scrolls
 g - 3 scrolls of fog
 p - 2 scrolls of teleportation
 r - 2 scrolls of amnesia
 u - a scroll of remove curse
 w - a scroll of blinking
 F - a scroll of identify
Potions
 b - 2 potions of cancellation
 f - a potion of curing
 o - a potion of heal wounds
 s - a potion of berserk rage
 t - a potion of magic
 v - 2 potions of brilliance
 A - a potion of agility
Comestibles
 c - 21 rations


   Skills:
 * Level 3.5 Fighting
 + Level 1.5 Short Blades
 * Level 2.2 Staves
 + Level 1.3 Throwing
 * Level 5.3 Dodging
 + Level 4.2 Stealth
 * Level 9.4 Spellcasting
 * Level 10.4 Conjurations
 + Level 2.7 Hexes
 + Level 0.4 Translocations
 + Level 2.1 Evocations


You had 12 spell levels left.
You knew the following spells:

 Your Spells              Type           Power        Failure   Level  Hunger
a - Magic Dart            Conj           ####         1%          1    None
b - Searing Ray           Conj           ######       1%          2    None
c - Iskenderun's Mystic   Conj           ######..     1%          4    ###....
d - Fulminant Prism       Conj/Hex       #####.....   4%          4    ###....
e - Force Lance           Conj/Tloc      ####....     8%          4    ###....

Your spell library contained the following spells:

 Spells                   Type           Power        Failure   Level  Hunger
 Dazzling Spray           Conj/Hex       #####.       1%          3    None
 Beastly Appendage        Tmut           #.....       8%          1    None
 Sticks to Snakes         Tmut           #.......     11%         2    None
 Spider Form              Tmut/Pois      #.........   22%         3    None
 Ice Form                 Ice/Tmut       #.......     58%         4    ###....
 Blade Hands              Tmut           #.........   90%         5    #####..


Dungeon Overview and Level Annotations

Branches:
Dungeon (10/15)            Temple (1/1) D:4             Orc (0/2) D:9
   Lair: D:8-11

Altars:
Ashenzari
Cheibriados
Dithmenos
Elyvilon
Fedhas
Gozag
Hepliaklqana
Kikubaaqudgha
Makhleb
Nemelex Xobeh
Okawaru
Qazlal
Ru
Sif Muna
Trog
Uskayaw
Vehumet
Wu Jian
Xom
Yredelemnul
Zin
The Shining One

Annotations:
D:8 exclusion: statue


Innate Abilities, Weirdness & Mutations

You have very sharp fingernails.
You sometimes gain a little power by taking damage.
You are completely covered in sharp spines.
You have large cloven feet.
You are covered in fur. (AC +1)
You evolve.


Message History

Casting: Iskenderun's Mystic Blast (safe; 1% risk of failure)
Confirm with . or Enter, or press ? or * to list all spells.
Aiming: Fulminant Prism (safe; 4% risk of failure)
Press: ? - help, Dir - move target cursor You conjure a prism of explosive energy!
The centaur warrior shoots an arrow.
The arrow hits you!!
You focus on the pain.
You feel your power returning.
The centaur warrior shoots an arrow.
The arrow hits you!
You focus on the pain.
You feel very mighty all of a sudden.
Your fulminant prism crackles loudly.
You see here an arrow.
The centaur warrior shoots an arrow.
The arrow hits you!
Your fulminant prism explodes!
The blast of energy engulfs the centaur warrior!!
The centaur warrior is heavily wounded.
You hear an angry hiss.
There is a stone staircase leading up here.
You see here an arrow.
The centaur warrior shoots an arrow.
The arrow hits you!!
You die...

.......$....
...........#
...........#####
.............>
#.>.....#...
#.......(...
#########..รท..PPPP..
.........(....P.PPP .
...c...((@..#.PP_PP.#.
....$....(..#...PP...#
..............PPP.....
................#.....
......................
.
######.######..######
## #................
.. .................
.. #.................
..


You could see a centaur warrior.

Vanquished Creatures
  Harold (D:7)
  A tengu warrior (D:9)
  A two-headed ogre (D:8)
  A cyclops (D:9)
  Grinder (D:3)
  A troll (D:10)
  Prince Ribbit (D:6)
  2 hippogriffs
  Menkaure (D:4)
  Duvessa (D:7)
  An orc warrior (D:8)
  2 sky beasts (D:9)
  A phantom (D:5)
  3 ice beasts
  2 black bears
  6 ogres
  5 centaurs
  6 bullfrogs
  Dowan (D:7)
  2 scorpions (D:9)
  5 killer bees (D:8)
  7 wights
  2 bullfrog zombies
  6 hounds
  3 orc priests
  2 bullfrog skeletons
  3 orc wizards
  Jessica (D:2)
  3 iguanas
  Terence (D:1)
  5 worker ants
  2 hound zombies
  3 hound skeletons
  Robin (D:2)
  14 adders
  A shadow imp (D:7)
  An ooze (D:2)
  An adder skeleton (D:9)
  3 worms (D:2)
  A dart slug (D:1)
  5 leopard geckos
  32 orcs
  8 giant cockroaches
  17 goblins
  3 hobgoblins
  13 jackals
  2 quokkas
  3 ball pythons
  8 bats
  4 frilled lizards
  A giant cockroach zombie (D:5)
  4 kobolds
  A quokka skeleton (D:7)
  7 rats
213 creatures vanquished.

Vanquished Creatures (others)
  54 fulminant prisms
54 creatures vanquished.

Grand Total: 267 creatures vanquished

Notes
Turn   | Place    | Note
-------+----------+-------------------------------------------
     0 | D:1      | beigtais the Demonspawn Conjurer began the quest for the
                  | Orb.
     0 | D:1      | Reached XP level 1. HP: 13/13 MP: 3/3
   655 | D:1      | Gained mutation: You are partially covered in sharp spines.
                  | [demonic ancestry]
   655 | D:1      | Reached XP level 2. HP: 19/19 MP: 3/5
   711 | D:1      | Learned a level 2 spell: Searing Ray
  1294 | D:2      | Gained mutation: You have sharp fingernails. [demonic
                  | ancestry]
  1294 | D:2      | Reached XP level 3. HP: 24/24 MP: 1/6
  1322 | D:2      | Noticed Robin
  1686 | D:2      | Reached skill level 5 in Conjurations
  1818 | D:2      | Noticed Jessica
  1830 | D:2      | Killed Jessica
  1830 | D:2      | Gained mutation: You have very sharp fingernails. [demonic
                  | ancestry]
  1830 | D:2      | Reached XP level 4. HP: 24/30 MP: 0/7
  2022 | D:2      | Noticed Terence
  2287 | D:2      | Learned a level 4 spell: Iskenderun's Mystic Blast
  3120 | D:2      | Reached XP level 5. HP: 35/35 MP: 2/8
  3910 | D:3      | Found a bloodstained altar of Trog.
  4339 | D:3      | Noticed Grinder
  4703 | D:2      | Killed Robin
  5149 | D:1      | Killed Terence
  5149 | D:1      | Gained mutation: You sometimes gain a little power by
                  | taking damage. [demonic ancestry]
  5149 | D:1      | Reached XP level 6. HP: 31/41 MP: 7/11
  5231 | D:1      | Learned a level 4 spell: Fulminant Prism
  5897 | D:4      | Reached skill level 6 in Conjurations
  6178 | D:4      | Noticed an ice beast
  6187 | D:4      | Killed an ice beast
  6187 | D:4      | Reached XP level 7. HP: 47/47 MP: 11/13
  6275 | D:4      | Noticed Menkaure
  6287 | D:4      | Killed Menkaure
  6287 | D:4      | Reached skill level 1 in Fighting
  6287 | D:4      | Reached skill level 1 in Short Blades
  6356 | D:4      | Gained mutation: You have a pair of small horns on your
                  | head. [potion of mutation]
  6356 | D:4      | Gained mutation: You are agile. (Dex +2) [potion of
                  | mutation]
  6356 | D:4      | Gained mutation: Armour fits poorly on your strangely
                  | shaped body. [potion of mutation]
  6356 | D:4      | Gained mutation: You have sharp toenails. [potion of
                  | mutation]
  6357 | D:4      | Lost mutation: Armour fits poorly on your strangely shaped
                  | body. [potion of mutation]
  6357 | D:4      | Lost mutation: You have sharp toenails. [potion of
                  | mutation]
  6357 | D:4      | Lost mutation: You have a pair of small horns on your head.
                  | [potion of mutation]
  6357 | D:4      | Lost mutation: You are agile. (Dex +2) [potion of mutation]
  6357 | D:4      | Gained mutation: You evolve. [potion of mutation]
  6357 | D:4      | Gained mutation: You are robust. (+10% HP) [potion of
                  | mutation]
  6549 | D:4      | Reached skill level 1 in Evocations
  6681 | D:4      | Found a staircase to the Ecumenical Temple.
  6968 | D:5      | Entered Level 5 of the Dungeon
  7035 | Temple   | Entered the Ecumenical Temple
  7820 | D:5      | Gained mutation: You are covered in fur. (AC +1)
                  | [evolution]
  7823 | D:5      | Found a burning altar of Makhleb.
  7861 | D:5      | Reached XP level 8. HP: 23/59 MP: 11/15
  8034 | D:5      | Reached skill level 5 in Spellcasting
  8524 | D:5      | Lost mutation: You are robust. (+10% HP) [evolution]
  8765 | D:5      | Learned a level 4 spell: Force Lance
  8864 | D:3      | Killed Grinder
  8864 | D:3      | Reached skill level 7 in Conjurations
  8864 | D:3      | Reached skill level 1 in Hexes
  9357 | D:6      | Reached skill level 1 in Throwing
  9730 | D:6      | Found a shimmering altar of Xom.
  9730 | D:6      | Found an ancient bone altar of Kikubaaqudgha.
  9842 | D:6      | Noticed Prince Ribbit
  9847 | D:6      | Killed Prince Ribbit
  9862 | D:6      | Gained mutation: You are mostly covered in sharp spines.
                  | [demonic ancestry]
  9862 | D:6      | Reached XP level 9. HP: 61/61 MP: 3/18
 10146 | D:7      | Found an ornate altar of the Wu Jian Council.
 10264 | D:7      | Reached skill level 8 in Conjurations
 10463 | D:7      | Found a stormy altar of Qazlal.
 10751 | D:7      | Noticed Duvessa
 10755 | D:7      | Noticed Dowan
 10759 | D:7      | Killed Duvessa
 11114 | D:7      | Killed Dowan
 11295 | D:7      | Noticed Harold
 11421 | D:7      | Reached skill level 9 in Conjurations
 11560 | D:7      | Gained mutation: You have large cloven feet. [evolution]
 11599 | D:7      | Killed Harold
 11801 | D:7      | Gained mutation: You are completely covered in sharp
                  | spines. [demonic ancestry]
 11801 | D:7      | Reached XP level 10. HP: 67/67 MP: 17/22
 13084 | D:8      | Found a shattered altar of Ashenzari.
 13126 | D:8      | Found a radiant altar of Vehumet.
 13139 | D:8      | Became a worshipper of Vehumet
 13506 | D:8      | Noticed a two-headed ogre
 13514 | D:8      | Killed a two-headed ogre
 13514 | D:8      | Reached skill level 1 in Staves
 13514 | D:8      | Reached skill level 5 in Dodging
 13881 | D:9      | Noticed a tengu warrior
 13881 | D:9      | Noticed a cyclops
 14558 | D:9      | Found a staircase to the Orcish Mines.
 14658 | D:9      | Killed a tengu warrior
 14658 | D:9      | Reached skill level 10 in Conjurations
 15279 | D:9      | Killed a cyclops
 15658 | D:10     | Entered Level 10 of the Dungeon
 15758 | D:10     | Noticed a centaur warrior
 15948 | D:10     | Found a blossoming altar of Fedhas.
 16084 | D:10     | Shot with an arrow by a centaur warrior

Skill      XL: |  1  2  3  4  5  6  7  8  9 10 |
---------------+-------------------------------+-----
Dodging        | 2 3 4 5 |  5.3
Conjurations   | 5 6 7 9 10 | 10.4
Spellcasting   | 3 4 6 8 9 |  9.4
Stealth        | 2 3 4 |  4.2
Fighting       | 1 2 3 |  3.5
Short Blades   | 1 |  1.5
Evocations     | 1 2 |  2.1
Hexes          | 1 2 |  2.7
Throwing       | 1 |  1.3
Staves         | 2 |  2.2
Translocations | |  0.4

Action                   |  1- 3 |  4- 6 |  7- 9 | 10-12 || total
-------------------------+-------+-------+-------+-------++-------
Melee: Short sword       |    11 |     9 |       |       ||    20
       Dagger            |       |    21 |    45 |     9 ||    75
       Kick              |       |       |       |     2 ||     2
Throw: Stone             |     3 |     1 |       |       ||     4
       Tomahawk          |       |     1 |     6 |     4 ||    11
 Cast: Magic Dart        |    57 |    88 |    85 |    10 ||   240
       Searing Ray       |     4 |    17 |    24 |       ||    45
       Iskenderun's Myst |       |     2 |    16 |    36 ||    54
       Fulminant Prism   |       |     1 |    20 |    33 ||    54
       Force Lance       |       |       |     3 |    14 ||    17
Evoke: Wand              |       |    10 |    12 |     8 ||    30
  Use: Scroll            |     3 |     6 |     7 |     2 ||    18
       Potion            |     2 |     2 |     3 |     2 ||     9
 Stab: Sleeping          |     1 |     1 |       |       ||     2
       Paralysed         |       |     3 |       |       ||     3
  Eat: Chunk             |     4 |    26 |    23 |    20 ||    73
       Ration            |       |     1 |       |       ||     1
Armor: Robe              |     5 |    13 |     7 |     9 ||    34
Dodge: Dodged            |    18 |    31 |    62 |    21 ||   132
